 Dungeon Crawl Stone Soup version 0.22.1-2-g9c5b331 (console) character file.

32 utis the Stinger (level 3, -8/14 HPs)
             Began as a Felid Venom Mage on Nov 18, 2018.
             Killed by divine providence
             ... invoked by an orc priest
              (12 damage)
             ... on level 2 of the Dungeon.
             The game lasted 00:07:05 (1882 turns).

utis the Stinger (Felid Venom Mage)                 Turns: 1882, Time: 00:07:06

Health: -8/14      AC:  1    Str:  5    XL:     3   Next: 10%
Magic:  4/7        EV: 18    Int: 16    God:
Gold:   62         SH:  0    Dex: 16    Spells: 1/7 levels left
                                        Lives:  0   Deaths: 1

rFire    . . .     SeeInvis +   (weapon unavailable)
rCold    . . .     Gourm    .   (shield unavailable)
rNeg     . . .     Faith    .   (armour unavailable)
rPois    .         Spirit   .   (helmet unavailable)
rElec    .         Reflect  .   (cloak unavailable)
rCorr    .         Harm     .   (gloves unavailable)
MR       .....                  (boots unavailable)
Stlth    +++.......             (no amulet)
HPRegen  0.04/turn              (no ring)
MPRegen  0.10/turn              (no ring)

@: very slightly contaminated, quick
A: very small, no armour, no weapons or thrown items, stealth, claws 1, fangs 3,
see invisible, carnivore, speed 1, shaggy fur 1, slow metabolism 1, sharp paws
a: no special abilities


You were on level 2 of the Dungeon.
You were not hungry.

You visited 1 branch of the dungeon, and saw 2 of its levels.

You collected 62 gold pieces.

Inventory:

Jewellery
 i - an uncursed ring of positive energy {unknown}
Scrolls
 a - 2 scrolls of amnesia {unknown}
 c - a scroll of remove curse {unknown}
 d - a scroll of magic mapping {unknown}
 e - 2 scrolls of identify {unknown}
 h - a scroll of immolation {unknown}
 j - a scroll of noise {unknown}
 k - a scroll of teleportation {unknown}
Potions
 f - a potion of might {unknown}
 g - a potion of lignification {unknown}
Comestibles
 b - 9 rations


   Skills:
 - Level 2.6 Dodging
 - Level 2.6 Stealth
 + Level 2.5 Spellcasting
 - Level 1.3 Conjurations
 * Level 1.6 Air Magic
 * Level 3.5 Poison Magic


You had one spell level left.
You knew the following spells:

 Your Spells              Type           Power        Failure   Level  Hunger
a - Sting                 Conj/Pois      #...         7%          1    #......
p - Mephitic Cloud        Conj/Pois/Air  #.......     24%         3    ###....
Y - Poisonous Vapours     Pois/Air       ##....       11%         2    ##.....

Your spell library contained the following spells:

 Spells                   Type           Power        Failure   Level  Hunger
 Olgreb's Toxic Radiance  Pois           ##......     41%         4    #####..
 Venom Bolt               Conj/Pois      #.........   89%         5    ######.


Dungeon Overview and Level Annotations

Branches:
Dungeon (2/15)

Altars:
Fedhas


Innate Abilities, Weirdness & Mutations

You cannot wear armour.
You are incapable of wielding weapons or throwing items.
Your paws allow you to move quietly. (Stealth)
You have sharp claws.
You have razor-sharp teeth.
You have supernaturally acute eyesight. (SInv)
You are carnivorous and can eat meat at any time.
You cover ground quickly.
You are covered in fur. (AC +1)
You have a slow metabolism.
Your sharp claws are effective at attacking unaware monsters.


Message History

You feel a strange surge of energy!
Casting: Poisonous Vapours (safe; 11% risk of failure)
Confirm with . or Enter, or press ? or * to list all spells.
Aiming: Poisonous Vapours (safe; 11% risk of failure)
Press: ? - help, Dir - move target cursor, f/p - orc priest
Aim: an orc priest, wielding a +0 flail and wearing a leather armour You miscast Poisonous Vapours.
You feel faint for a moment.
The orc priest casts a cantrip, but nothing happens.
You scratch the orc priest.
The orc priest is moderately wounded.
The orc priest hits you with a +0 flail!
Ouch! That really hurt!
* * * LOW HITPOINT WARNING * * *
Unknown command.
Unknown command.
The orc priest miscasts a cantrip.
The orc priest calls down the wrath of Beogh upon you.
Beogh smites you!
Ouch! That really hurt!
You die...

........░.░......░.......
.............................
...........░░.......>.......░
............................░░░
░..........░.░░...............
....░░.......░░░░.░░........░ ░
................................
....░░<░░...░░░░░........░░░....
░............░..h......o........
░..............▒▒▒▒▒▒▒▒▒.......░
░.....[.......▒▒▒...............
░.░...........▒▒..▒...▒.o......░
░.............▒...............░░░
░.........░░..▒⌠.................
░.............▒€..........░.░░░░░
░.........░...▒▒..▒...▒..........
░.........░...▒▒▒...........░░░░░


You could see an orc priest.

Vanquished Creatures
  An orc priest (D:2)
  2 adders (D:2)
  A dart slug (D:2)
  A leopard gecko (D:1)
  2 orcs (D:2)
  3 giant cockroaches
  A hobgoblin (D:1)
  2 jackals (D:1)
  A kobold (D:2)
  4 bats
  2 frilled lizards (D:1)
  3 goblins
  3 rats
26 creatures vanquished.

Notes
Turn   | Place    | Note
-------+----------+-------------------------------------------
     0 | D:1      | utis the Felid Venom Mage began the quest for the Orb.
     0 | D:1      | Reached XP level 1. HP: 7/7 MP: 4/4
    82 | D:1      | Reached skill level 1 in Conjurations
   556 | D:1      | Reached XP level 2. HP: 11/11 MP: 4/6
   579 | D:1      | Learned a level 2 spell: Poisonous Vapours
   625 | D:1      | Reached skill level 3 in Poison Magic
  1155 | D:2      | Reached XP level 3. HP: 14/14 MP: 2/7
  1255 | D:2      | Reached skill level 1 in Air Magic
  1416 | D:2      | Found a blossoming altar of Fedhas.
  1502 | D:2      | Learned a level 3 spell: Mephitic Cloud
  1675 | D:2      | Reached XP level 4. HP: 18/18 MP: 1/8
  1717 | D:2      | Slain by an orc priest
  1718 | D:2      | Reached XP level 3. HP: -1/14 MP: 0/7
  1882 | D:2      | Killed from afar by an orc priest

Skill      XL: |  1  2  3 |
---------------+----------+-----
Conjurations   | 1 |  1.3
Poison Magic   | 3 |  3.5
Air Magic      | 1 |  1.6
Dodging        | |  2.6
Stealth        | |  2.6
Spellcasting   | |  2.5

Action                   |  1- 3 |  4- 6 || total
-------------------------+-------+-------++-------
Melee: Unarmed           |    18 |     3 ||    21
       Bite              |     3 |     1 ||     4
 Cast: Sting             |    24 |       ||    24
       Poisonous Vapours |    17 |     2 ||    19
  Eat: Chunk             |    10 |       ||    10
Armor: Skin              |     1 |       ||     1
Dodge: Dodged            |    29 |     2 ||    31
